 Dungeon Crawl Stone Soup version 0.31-a0-177-g4aa6249778 (webtiles) character file.

Game seed: 2751485429694450464

145 qw the Chopper (level 5, -1/32 HPs)
             Began as a Gargoyle Fighter on June 18, 2023.
             Slain by an orc
             ... wielding a +0 short sword
              (2 damage)
             ... on level 3 of the Dungeon.
             The game lasted 00:00:58 (1715 turns).

qw the Chopper (Gargoyle Fighter)                   Turns: 1715, Time: 00:00:58

Health: -1/32      AC: 10    Str: 22    XL:     5   Next: 27%
Magic:  5/5        EV:  9    Int:  8    God:
Gold:   137        SH:  0    Dex:  9    Spells: 4/4 levels left

rFire   . . .        Y - +0 war axe
rCold   . . .        c - +0 buckler
rNeg    + . .        b - +0 scale mail
rPois   inf          (no helmet)
rElec   +            (no cloak)
rCorr   .            (no gloves)
SInv    .            (no boots)
Will    .....        (no amulet) Stlth
                     (no ring)
HPRegen 0.25/turn    (no ring)
MPRegen 0.09/turn

%: no passive effects
@: confused
A: sickness immunity, AC +4, negative energy resistance 1, electricity
resistance, torment resistance 1, petrification resistance
a: no special abilities


You were on level 3 of the Dungeon.
You visited 1 branch of the dungeon, and saw 3 of its levels.

You collected 137 gold pieces.


Innate Abilities, Weirdness & Mutations

You are immune to sickness and miasma.
Your stone body is resilient. (AC +4)
You are immune to poison.
You resist negative energy. (rN+)
You are resistant to electric shocks. (rElec)
You are resistant to unholy torment.
You are immune to petrification.


   Skills:
 - Level 3.2 Fighting
 + Level 4.8 Axes
 - Level 3.2 Armour
 - Level 3.2 Shields


You had 4 spell levels left.
You didn't know any spells.
Your spell library was empty.

Inventory:

Hand Weapons
 a - a +0 flail
 Y - a +0 war axe (weapon)
Armour
 b - a +0 scale mail (worn)
 c - a +0 buckler (worn)
Scrolls
 j - a scroll of vulnerability {unknown}
Potions
 d - a potion of might
 e - a potion of curing {unknown}
 f - a potion of enlightenment {unknown}
 g - a potion of lignification {unknown}
 h - a potion of cancellation {unknown}
 i - a potion of heal wounds {unknown}
 l - a potion of attraction {unknown}
 m - a potion of brilliance {unknown}

Dungeon Overview and Level Annotations

Branches:
Dungeon (3/15)

Altars:


Message History

Enter note:
Enter note:
Enter note:
Enter note: You slash the orc priest!
The orc priest is heavily wounded.
You hit the gnoll but do no damage. You hit the gnoll.
You closely miss the orc.
The orc priest hits you but does no damage.
The orc hits you with a +0 flail! The gnoll barely misses you.
You block the gnoll's attack.
You barely miss the orc priest.
The orc priest is heavily wounded.
You barely miss the orc. You hit the gnoll. You slash the gnoll!
The orc priest hits you with a +0 hand axe.
The gnoll hits you but does no damage. x2
You slash the gnoll!
You kill the gnoll!
You barely miss the orc. You barely miss the orc priest.
You closely miss the gnoll. The orc priest closely misses you.
The gnoll hits you but does no damage. You block the orc priest's attack.
You block the gnoll's attack. The orc hits you but does no damage.
You slash the orc priest!
You kill the orc priest!
You slash the gnoll!
You kill the gnoll!
You closely miss the orc. You closely miss something.
The orc hits you but does no damage.
You hear some strange, mumbled words.
You are confused.
You have reached level 5!
The orc hits you but does no damage. The orc closely misses you.
Something hits you. The orc misses you. The orc hits you but does no damage. x2
You hear some strange, mumbled words.
A puff of flame appears from out of thin air!
The puff of flame hits you! The orc hits you but does no damage.
The orc hits you with a +0 falchion. The orc hits you with a +0 short sword.
Something hits you but does no damage. The orc hits you with a +0 short sword.
You die...

#######++######
...............
.......g.......
.....ogoKo.....
.....o{ooog.... ##@o##
#######....# +.....'....+
#######....# +
######''''#############.
.......................#g
~~~~~~~....~~~~~~~~~~~~##
~~~~~~~....~~~~~~~~~~~~~~
~~~~~~~....~~~~~~~~~~~~~~


You could see a kobold brigand, 3 gnolls and 8 orcs.

Vanquished Creatures
  An orc priest (D:3)
  4 gnolls (D:3)
  An adder (D:2)
  2 worms
  A dart slug (D:1)
  5 endoplasms
  4 giant cockroaches
  3 goblins
  6 hobgoblins
  5 jackals
  3 quokkas
  4 ball pythons
  2 bats
  2 frilled lizards
  7 kobolds
  5 rats
55 creatures vanquished.

Notes
Turn   | Place    | Note
-------+----------+-------------------------------------------
     0 | D:1      | qw the Gargoyle Fighter began the quest for the Orb.
     0 | D:1      | Reached XP level 1. HP: 14/14 MP: 1/1
     0 | D:1      | 0 ||| qw: Version: 0.3-a-7-ge0c9b40
     0 | D:1      | 0 ||| qw: Game counter: 783
     0 | D:1      | 0 ||| qw: Always use a shield: true
     0 | D:1      | 0 ||| qw: God list: Okawaru
     0 | D:1      | 0 ||| qw: Allow faded altars: false
     0 | D:1      | 0 ||| qw: Do Orc after D:15 true
     0 | D:1      | 0 ||| qw: Do second Lair branch before Depths: true
     0 | D:1      | 0 ||| qw: Lair rune preference: random
     0 | D:1      | 0 ||| qw: Plans: Normal, Zot:1-4, Slime:5, God:TSO, Crypt,
                  | Tomb, Abyss, Pan, Hells, Win
     0 | D:1      | 0 ||| PLANNING D:1-11
    42 | D:1      | Reached skill level 2 in Axes
   137 | D:1      | Reached XP level 2. HP: 18/19 MP: 2/2
   362 | D:1      | Reached skill level 3 in Axes
   372 | D:1      | 372 ||| DROPPING +0 club.
   424 | D:1      | 424 ||| DROPPING +0 whip.
   449 | D:1      | Reached XP level 3. HP: 23/23 MP: 3/3
   474 | D:1      | 474 ||| Stepping ~*~*~tactically~*~*~ (stealth).
   483 | D:1      | 483 ||| Stepping ~*~*~tactically~*~*~ (stealth).
   484 | D:1      | 484 ||| Stepping ~*~*~tactically~*~*~ (stealth).
   798 | D:1      | 798 ||| READING scroll labelled ROFUSE QIBOMADD.
   799 | D:1      | 799 ||| READING scroll labelled MIER YSOETURE.
   800 | D:1      | 800 ||| READING scroll labelled ASONAEWUGA.
  1119 | D:2      | Reached XP level 4. HP: 28/28 MP: 4/4
  1248 | D:2      | 1248 ||| READING scroll labelled YRHYMO OVAMA.
  1249 | D:2      | 1249 ||| READING scroll labelled VEGUCOTEHY.
  1276 | D:3      | 1276 ||| Stepping ~*~*~tactically~*~*~ (stealth).
  1324 | D:3      | 1324 ||| DROPPING +0 mace.
  1495 | D:3      | Reached skill level 4 in Axes
  1707 | D:3      | Noticed a kobold brigand
  1713 | D:3      | Reached XP level 5. HP: 15/32 MP: 5/5
  1714 | D:3      | HP: 5/32 [something/puff of flame (7)]
  1715 | D:3      | HP: 1/32 [orc/+0 short sword (2)]
  1715 | D:3      | Slain by an orc

Levels and vault maps discovered:
D:1:      wander_arrival_desolate, layout_basic, st_stairs_2,
          palyth_stone_intersect
D:2:      layout_rooms
D:3:      lemuel_castle_with_subvaults [lemuel_castle_interior_original],
          layout_basic, supply_closet_lemuel, uniq_ijyb

Skill      XL: |  1  2  3  4 |
---------------+-------------+-----
Axes           | 2 3 4 |  4.8
Fighting       | |  3.2
Armour         | |  3.2
Shields        | |  3.2

Action                     |  1- 3 |  4- 6 || total
---------------------------+-------+-------++-------
  Melee: War axe           |   111 |    31 ||   142
  Throw: Boomerang         |    22 |     2 ||    24
    Use: Scroll            |     3 |     2 ||     5
 Armour: Scale mail        |    60 |    23 ||    83
  Dodge: Dodged            |    54 |    25 ||    79
  Block: Buckler           |    15 |     8 ||    23

Table legend:
 A = Non-vault XP
 B = Vault XP
 C = Vault XP percentage of total XP
 D = Non-vault monster count
 E = Vault monster count
 F = Vault count percentage of total count
                 A         B        C        D         E       F
            +---------+---------+-------+---------+---------+-------
      Total |      96 |     112 |  53.8 |      44 |      11 |  20.0
            +---------+---------+-------+---------+---------+-------
        D:1 |      46 |       3 |   6.1 |      24 |       2 |   7.7
        D:2 |      37 |       0 |   0.0 |      14 |       0 |   0.0
        D:3 |      13 |     109 |  89.3 |       6 |       9 |  60.0
            +---------+---------+-------+---------+---------+-------
